 Dungeon Crawl Stone Soup version 0.32-a0-705-g60f233581c (webtiles) character file.

Game seed: 7711117290261770285

324 910rd the Changeling (level 6, 0/70 HPs)
             Began as a Draconian Shapeshifter on Mar 15, 2024.
             Slain by Maggie
             ... wielding a +0 glaive of distortion
              (11 damage)
             ... on level 6 of the Dungeon.
             The game lasted 00:07:56 (3030 turns).

910rd the Changeling (Draconian Shapeshifter)       Turns: 3030, Time: 00:07:56

Health: 0/70       AC: 23    Str: 18    XL:     6   Next: 23%
Magic:  6/6        EV:  2    Int: 11    God:
Gold:   121        SH:  0    Dex: 10    Spells: 5/5 levels left

rFire   . .          .
                       - Unarmed
rCold   . . .        (no shield)
rNeg    . . .        (body armour unavailable)
rPois   +            (helmet currently unavailable)
rElec   .            m - melded +0 cloak
rCorr   .            (gloves currently unavailable)
SInv    .            (boots currently unavailable)
Will    .....        (no amulet)
Stlth   +            i - +5 ring of evasion
HPRegen 0.31/turn    (no ring)
MPRegen 0.10/turn

%: no passive effects
@: tree-form, mesmerised, hasted, very quick
A: stationary, stasis, torment immunity, boosted hp, AC +6, unfitting armour,
(cold-blooded)
a: no special abilities


You were on level 6 of the Dungeon.
You were a tree.
You visited 2 branches of the dungeon, and saw 7 of its levels.

You collected 121 gold pieces.

Inventory:

Hand Weapons
 f - a +1 dagger of draining
 j - a +1 morningstar
 p - a +2 flail of protection
Missiles
 q - 5 boomerangs (quivered)
Armour
 m - a +0 cloak (melded)
Jewellery
 i - a +5 ring of evasion (left branch)
Talismans
 b - a beast talisman
 c - a flux talisman (active)
Scrolls
 e - a scroll of enchant weapon
 g - a scroll of amnesia
Potions
 a - a potion of lignification
 h - a potion of cancellation
 l - a potion of attraction {unknown}
 n - a potion of degeneration {unknown}
 o - 2 potions of magic
 r - a potion of berserk rage


   Skills:
 - Level 1.1 Fighting
 - Level 1.7 Dodging
 - Level 3.0 Unarmed Combat
 + Level 6.6 Shapeshifting


You had 5 spell levels left.
You didn't know any spells.
Your spell library contained the following spells:

 Spells                   Type           Power      Damage    Failure   Level
 Fugue of the Fallen      Necr           0%         N/A       71%         3
 Ozocubu's Armour         Ice            0%         N/A       71%         3
 Manifold Assault         Tloc           0%         N/A       98%         4


Dungeon Overview and Level Annotations

Branches:
Dungeon (6/15) Zot: 26980  Temple (1/1) D:4 Zot: 5951

Altars:
Ashenzari
Cheibriados
Dithmenos
Elyvilon
Fedhas
Gozag
Hepliaklqana
Kikubaaqudgha
Makhleb
Nemelex Xobeh
Okawaru
Qazlal
Ru
Trog
Uskayaw
Vehumet
Wu Jian
The Shining One

Annotations:
D:3 2 transporters, exclusion: downstairs, DeathSocks's ghost, amateur DEIE
D:4 exclusion: downstairs
D:6 Maggie


Innate Abilities, Weirdness & Mutations

You are a tree.
Your roots penetrate the ground, keeping you stationary.
You cannot be teleported.
You are immune to unholy pain and torment.
Your maximum health is greatly increased.
Your equipment is partially melded.
((Your plain brown scales are hard. (AC +6)))
You cannot fit into any form of body armour.
((You are cold-blooded and may be slowed by cold attacks.))


Message History

As you read the scroll labelled UROARU RAOGOOH, it crumbles to dust.
You feel strangely unstable.
It was a scroll of teleportation.
Okay, then.
Your surroundings suddenly seem different.
Maggie the Vainglorious comes into view.
She is wielding a +0 glaive of distortion and carrying a wand of warping.
Maggie shouts!
Okay, then.
Okay, then.
Okay, then.
Maggie gestures wildly while chanting.
Maggie attempts to bespell you!
You are mesmerised by Maggie!
Your transformation has ended.
You turn into a tree.
Your +0 cloak melds into your body.
Your roots penetrate the ground.
Maggie barely misses you.
You now have 67/70 hp.
You closely miss Maggie. You punch Maggie, but do no damage.
You closely miss Maggie.
Maggie hits you with a +0 glaive of distortion.
Space warps around you.
* * * LOW HITPOINT WARNING * * *
You take 11 damage, and have 56/70 hp.
You hit Maggie. You punch Maggie.
Maggie is lightly wounded.
Maggie hits you with a +0 glaive of distortion!
* * * LOW HITPOINT WARNING * * *
Space warps around you.
* * * LOW HITPOINT WARNING * * *
You take 14 damage, and have 42/70 hp.
You hit Maggie but do no damage.
Maggie is lightly wounded.
Maggie hits you with a +0 glaive of distortion!
* * * LOW HITPOINT WARNING * * *
Space warps horribly around you!!
* * * LOW HITPOINT WARNING * * *
You take 32 damage, and have 10/70 hp.
AAAAAHHHHHHH It was a potion of haste.
You feel yourself speed up. Maggie hits you but does no damage.
Space warps horribly around you!
You die... .# .# .# .# .# .# . ##########@##.... +........♣....... ##########.##.... .# # .# .# .# .# .#

You could see Maggie (mesmerising).

Vanquished Creatures
  A phantom (D:5)
  2 hounds (D:4)
  Jessica (D:3)
  An orc wizard (D:3)
  5 adders
  3 dart slugs
  12 orcs
  4 ball pythons
  7 endoplasms
  4 giant cockroaches
  3 goblins
  8 hobgoblins
  A jackal (D:2)
  3 quokkas
  6 bats
  2 frilled lizards
  11 kobolds
  12 rats
86 creatures vanquished.

Notes
Turn   | Place    | Note
-------+----------+-------------------------------------------
     0 | D:1      | 910rd the Draconian Shapeshifter began the quest for the
                  | Orb.
     0 | D:1      | Reached XP level 1. HP: 16/16 MP: 1/1
   143 | D:1      | Reached XP level 2. HP: 23/23 MP: 2/2
   690 | D:2      | Identified the +2 robe of Xotu {rPois Int+5}
   715 | D:2      | Reached skill level 4 in Shapeshifting
   720 | D:2      | Reached XP level 3. HP: 18/28 MP: 3/3
  1061 | D:2      | Found a faded altar of an unknown god.
  1600 | D:3      | Reached XP level 4. HP: 34/35 MP: 4/4
  1691 | D:3      | Reached skill level 5 in Shapeshifting
  1711 | D:3      | Found a transporter.
  1716 | D:3      | Noticed DeathSocks's ghost (amateur DEIE)
  1717 | D:3      | Found a transporter.
  1717 | D:3      | Noticed an ogre
  1718 | D:3      | Identified the +9 great mace "Viboehi" {freeze, Stlth+}
  1718 | D:3      | Noticed an ogre
  1720 | D:3      | Noticed an ogre
  1886 | D:3      | Reached XP level 5. HP: 32/40 MP: 5/5
  2110 | D:3      | Noticed Jessica
  2121 | D:3      | Killed Jessica
  2377 | D:4      | Found a staircase to the Ecumenical Temple.
  2386 | Temple   | Entered the Ecumenical Temple
  2599 | D:4      | Reached skill level 6 in Shapeshifting
  2873 | D:5      | Entered Level 5 of the Dungeon
  2873 | D:5      | Noticed a water moccasin
  2938 | D:5      | Noticed a phantom
  2995 | D:5      | Killed a phantom
  2996 | D:5      | Reached XP level 6. HP: 45/47 MP: 6/6
  3020 | D:6      | Noticed Maggie
  3030 | D:6      | Slain by Maggie

Illustrated notes

Levels and vault maps discovered:
D:1:      psy_arrival_statuary, layout_basic
D:2:      layout_basic, hellmonk_ecumenical_altar_inner_sanctum,
          minmay_misc_feat_five, hangedman_decor_growths, st_stairs_2
D:3:      layout_basic, gammafunk_ghost_smash, uniq_jessica
D:4:      layout_cave_pools, minmay_temple_entry_gardened_gates
D:5:      layout_rooms
D:6:      layout_basic, zin_scriptorium, uniq_jeremiah, uniq_maggie
Temple:   nicolae_temple_bog_church

Skill      XL: |  1  2  3  4  5 |
---------------+----------------+-----
Shapeshifting  | 4 5 6 |  6.6
Fighting       | |  1.1
Dodging        | |  1.7
Unarmed Combat | |  3.0

Action                     |  1- 3 |  4- 6 || total
---------------------------+-------+-------++-------
  Melee: Unarmed           |    94 |   145 ||   239
         Tailslap          |     9 |    20 ||    29
         Punch             |       |     5 ||     5
    Use: Scroll            |       |    11 ||    11
         Potion            |       |     2 ||     2
   Stab: Sleeping          |     2 |       ||     2
 Armour: Skin              |    38 |    55 ||    93
  Dodge: Dodged            |    53 |    94 ||   147
         Form:             |     1 |     1 ||     2
         Beast             |     1 |     1 ||     2
         Flux              |       |     1 ||     1

Table legend: (Time is in decaauts)
 A = Elapsed time spent in this place.
 B = Non-inter-level travel time spent in this place.
 C = Inter-level travel time spent in this place.
 D = Time resting spent in this place.
 E = Time spent auto-exploring this place.
 F = Levels seen in this place.
 G = Mean time per level.
                   A        B        C        D        E       F      G
               +--------+--------+--------+--------+--------+-----+--------+
         Total |   3020 |   2845 |    175 |     21 |   2134 |   7 |  431.4 |
       Dungeon |   2971 |   2811 |    160 |     21 |   2134 |   6 |  495.2 |
        Temple |     48 |     34 |     14 |      0 |      0 |   1 |   48.0 |
               +--------+--------+--------+--------+--------+-----+--------+

Top non-repeatable levels by time:
     D:2: 897 daAuts
     D:3: 736 daAuts
     D:1: 685 daAuts
     D:4: 556 daAuts
     D:5: 76 daAuts
  Temple: 48 daAuts
     D:6: 18 daAuts
